 Dungeon Crawl Stone Soup version 0.30-a0-439-g9e77e4d916 (console) character file.

Game seed: 2130103523293273802

177 MakMorn the Firebug (level 5, -6/40 HPs)
             Began as an Armataur Fire Elementalist on Dec 10, 2022.
             Mangled by an ogre
             ... wielding a +0 giant club
              (26 damage)
             ... on level 4 of the Dungeon.
             The game lasted 00:09:38 (3984 turns).

MakMorn the Firebug (Armataur Fire Elementalist)    Turns: 3984, Time: 00:09:39

Health: -6/40      AC:  4    Str: 20    XL:     5   Next: 30%
Magic:  4/9        EV:  9    Int: 17    God:
Gold:   83         SH:  0    Dex: 13    Spells: 7/10 levels left

rFire   + . .      SeeInvis .    f - +0 dagger (speed)
rCold   . . .      Faith    .    (no shield)
rNeg    . . .      Spirit   .    a - +0 robe
rPois   .          Reflect  .    (no helmet)
rElec   .          Harm     .    (no cloak)
rCorr   .          Roll     +    (no gloves)
Will    +....                    (no barding)
Stlth   ++........               (no amulet)
HPRegen 0.26/turn                m - ring "Zuiwnir" {rF+ Will+ Str+6 Dex+3}
MPRegen 0.11/turn                (no ring)

@: no status effects
A: large, rugged brown scales 3, deformed body, armoured tail, roll, long
tongue, awkward tongue
a: no special abilities


You were on level 4 of the Dungeon.
You visited 1 branch of the dungeon, and saw 4 of its levels.

You collected 83 gold pieces.

Inventory:

Hand Weapons
 d - a +0 dagger
 f - a +0 dagger of speed (weapon)
 h - a +0 spear
 s - a +0 sling of flaming
Missiles
 c - 43 stones
 r - 3 datura-tipped darts
 t - 3 javelins
 v - 4 poisoned darts
Armour
 a - a +0 robe (worn)
Jewellery
 m - the ring "Zuiwnir" (left hand) {rF+ Will+ Str+6 Dex+3}
   (You found it on level 2 of the Dungeon)

   [ring of strength]

   Str:       It affects your strength (+6).
   Dex:       It affects your dexterity (+3).
   rF:        It protects you from fire.
   Will:      It increases your willpower.
Scrolls
 e - 2 scrolls of noise {unknown}
 g - 3 scrolls of magic mapping {unknown}
 j - 4 scrolls of identify {unknown}
 l - 3 scrolls of fog {unknown}
 o - a scroll of amnesia {unknown}
 p - a scroll of summoning {unknown}
 q - a scroll of enchant armour {unknown}
 u - a scroll of poison {unknown}
 w - a scroll of torment {unknown}
 x - a scroll of blinking {unknown}
Potions
 b - a potion of magic
 i - a potion of attraction {unknown}
 k - 2 potions of curing {unknown}
 n - a potion of flight {unknown}
 z - a potion of brilliance {unknown}


   Skills:
 - Level 1.3 Dodging
 - Level 2.1 Stealth
 * Level 3.2 Spellcasting
 * Level 1.9 Conjurations
 * Level 4.1 Fire Magic


You had 7 spell levels left.
You knew the following spells:

 Your Spells              Type           Power      Damage    Failure   Level
a - Foxfire               Conj/Fire      52%        2x1d6     4%          1
b - Scorch                Fire           32%        2d7       4%          2

Your spell library contained the following spells:

 Spells                   Type           Power      Damage    Failure   Level
 Inner Flame              Hex/Fire       9%         N/A       22%         3
 Cigotuvi's Dreadful Rot  Necr/Pois/Air  4%         N/A       26%         2
 Poisonous Vapours        Pois/Air       4%         N/A       26%         2
 Kindle Blastsparks       Fire/Tloc/Air  14%        2d11      28%         3
 Mephitic Cloud           Conj/Pois/Air  5%         N/A       36%         3
 Flame Wave               Conj/Fire      13%        2d6       43%         4
 Yara's Violent Unravell  Hex/Tmut       1%         3d3       99%         5
 Enfeeble                 Hex            1%         N/A       100%        7


Dungeon Overview and Level Annotations

Branches:
Dungeon (4/15)
 Temple: D:4-7

Altars:


Innate Abilities, Weirdness & Mutations

You are completely covered in rugged brown scales. (AC +3, +7% HP)
Armour fits poorly on your strangely shaped body.
You have a long armoured tail.
You roll when moving toward enemies. (Rampage)
Your long tongue fully drains potion bottles. (2x potion effects)
Your tongue gives you trouble enunciating. (1.5x scroll delay)


Message History

The ogre is heavily wounded.
Casting: Foxfire (safe; 4% risk of failure)
Confirm with . or Enter, or press ? or * to list all spells.
You conjure some foxfire!
The foxfire hits the ogre.
The ogre is heavily wounded.
The foxfire hits the ogre.
The ogre is severely wounded.
An adder comes into view.
Casting: Foxfire (safe; 4% risk of failure)
Confirm with . or Enter, or press ? or * to list all spells.
You conjure some foxfire!
The adder hisses angrily.
The ogre barely misses you.
The foxfire hits the ogre.
The ogre is almost dead.
The foxfire hits the orc wizard.
The orc wizard is lightly wounded.
Casting: Foxfire (safe; 4% risk of failure)
Confirm with . or Enter, or press ? or * to list all spells.
You conjure some foxfire!
The ogre hits you with a +0 giant club!
The orc wizard gestures at you while chanting.
You resist with almost no effort.
The foxfire hits the ogre.
The ogre is almost dead.
The foxfire hits the orc wizard.
The orc wizard is moderately wounded.
The orc wizard gestures wildly while chanting.
The orc wizard flickers and vanishes!
Deactivating autopickup; reactivate with Ctrl-A.
The ogre closely misses you.
Casting: Foxfire (safe; 4% risk of failure)
Confirm with . or Enter, or press ? or * to list all spells.
You conjure some foxfire!
The adder barely misses you. Something hits you.
The foxfire hits the adder.
The adder is lightly wounded.
The foxfire hits something.
The ogre hits you with a +0 giant club!!
Ouch! That really hurt!
You die...

..#... ..#...
####..$...
#.........
#..$......
#.........#
#§.S.......#
#§@O.......#
#..{.......#
#...........
#........?#
#.........#
#.........#
#.........#
###########.########
#.....#####........#


You could see an ogre and an adder.

Vanquished Creatures
  An orc wizard (D:4)
  6 adders
  3 worms
  An orc (D:3)
  4 bats
  7 endoplasms
  6 giant cockroaches
  8 hobgoblins
  8 jackals
  5 quokkas
  9 ball pythons
  5 frilled lizards
  8 goblins
  6 kobolds
  5 rats
82 creatures vanquished.

Vanquished Creatures (others)
  189 foxfires
189 creatures vanquished.

Grand Total: 271 creatures vanquished

Notes
Turn   | Place    | Note
-------+----------+-------------------------------------------
     0 | D:1      | MakMorn the Armataur Fire Elementalist began the quest for
                  | the Orb.
     0 | D:1      | Reached XP level 1. HP: 14/14 MP: 3/3
   249 | D:1      | Reached skill level 1 in Conjurations
   276 | D:1      | Reached skill level 3 in Fire Magic
   330 | D:1      | Reached XP level 2. HP: 21/21 MP: 1/4
   782 | D:1      | Learned a level 2 spell: Scorch
  1087 | D:1      | Reached XP level 3. HP: 27/27 MP: 0/6
  1524 | D:2      | Identified the ring "Zuiwnir" {rF+ Will+ Str+6 Dex+3}
  2160 | D:2      | Found a faded altar of an unknown god.
  2171 | D:2      | Reached XP level 4. HP: 24/35 MP: 1/7
  3239 | D:3      | Reached skill level 4 in Fire Magic
  3309 | D:3      | Reached XP level 5. HP: 40/40 MP: 7/9
  3649 | D:4      | Noticed an ogre
  3972 | D:4      | Noticed an ogre
  3984 | D:4      | Mangled by an ogre

Illustrated notes

Levels and vault maps discovered:
D:1:      dpeg_arrival_water_temple_mockup, layout_loops_corners
D:2:      layout_loops_ring, hellmonk_ecumenical_altar_arch_garden,
          kennysheep_generic_room_6
D:3:      layout_loops_ring
D:4:      layout_basic, serial_glass, glass_columns_c, glass_columns_b,
          item_on_display_b, item_on_display_a, item_on_display_a,
          feat_on_display

Skill      XL: |  1  2  3  4 |
---------------+-------------+-----
Conjurations   | 1 |  1.9
Fire Magic     | 3 4 |  4.1
Spellcasting   | 2 3 |  3.2
Dodging        | |  1.3
Stealth        | |  2.1

Action                   |  1- 3 |  4- 6 || total
-------------------------+-------+-------++-------
Melee: Dagger            |     5 |    34 ||    39
       Tailslap          |     1 |     4 ||     5
 Cast: Foxfire           |    74 |    38 ||   112
       Scorch            |     3 |    22 ||    25
Armor: Robe              |    12 |    22 ||    34
Dodge: Dodged            |    20 |    31 ||    51

Table legend: (Time is in decaauts)
 A = Elapsed time spent in this place.
 B = Non-inter-level travel time spent in this place.
 C = Inter-level travel time spent in this place.
 D = Time resting spent in this place.
 E = Time spent auto-exploring this place.
 F = Levels seen in this place.
 G = Mean time per level.
                   A        B        C        D        E       F      G
               +--------+--------+--------+--------+--------+-----+--------+
         Total |   3974 |   3661 |    313 |    206 |   2761 |   4 |  993.5 |
       Dungeon |   3974 |   3661 |    313 |    206 |   2761 |   4 |  993.5 |
               +--------+--------+--------+--------+--------+-----+--------+

Top non-repeatable levels by time:
     D:1: 1461 daAuts
     D:2: 1198 daAuts
     D:3: 1077 daAuts
     D:4: 235 daAuts
